 Dungeon Crawl Stone Soup version 0.20.0-15-g7f486f2 (webtiles) character file.

272 Gorglomux the Covered (level 6, 0/47 HPs)
             Began as a Formicid Wizard on June 11, 2017.
             Slain by an orc
             ... wielding a +0 dagger of venom
              (3 damage)
             ... on level 4 of the Dungeon.
             The game lasted 00:11:43 (5490 turns).

Gorglomux the Covered (Formicid Wizard)             Turns: 5490, Time: 00:11:44

Health: 0/47       AC:  7    Str: 12 (13) XL:     6   Next: 48%
Magic:  10/10      EV: 10    Int: 20 (23) God:
Gold:   174        SH:  3    Dex:  8 (9)  Spells: 7/11 levels left

rFire    . . .     SeeInvis +   y - +1 hand axe (chop)
rCold    . . .     Gourm    .   (no shield)
rNeg     + . .     Faith    .   B - +0 ring mail
rPois    .         Spirit   .   (helmet unavailable)
rElec    .         Reflect  +   (no cloak)
rCorr    .         Harm     .   t - +0 pair of gloves
MR       .....                  (no boots)
Stlth    +.........             D - +3 amulet of reflection
Regen    0.2/turn               i - ring of positive energy
MPRegen  0.2/turn               (no ring)

@: brilliant, lethally poisoned (0 -> -11)
A: permanent stasis, dig shafts and tunnels, four strong arms, antennae 3
a: Dig, Shaft Self


You were on level 4 of the Dungeon.
You were not hungry.

You visited 1 branch of the dungeon, and saw 4 of its levels.

You collected 174 gold pieces.

Inventory:

Hand Weapons
 e - a +0 whip
 y - a +1 hand axe of chopping (weapon)
Armour
 a - a +0 robe
 h - a +0 chain mail
 t - a +0 pair of gloves (worn)
 B - a +0 ring mail (worn)
Jewellery
 i - a ring of positive energy (left hand)
 D - a +3 amulet of reflection (around neck)
 F - the ring "Cepaorgh" {rPois rN+ Str+2, unknown}
   (You found it on level 4 of the Dungeon)

   [ring of strength]

   It affects your strength (+2).
   It protects you from poison.
   It protects you from negative energy.
Scrolls
 f - 2 scrolls of magic mapping {unknown}
 l - 2 scrolls of recharging {unknown}
 m - 5 scrolls of identify {unknown}
 v - a scroll of random uselessness {unknown}
 E - a scroll of remove curse {unknown}
 T - 6 scrolls of teleportation
Books
 b - a book of Minor Magic

   Spells                             Type                      Level
   a - Magic Dart                     Conjuration                  1
   b - Blink                          Translocation                2
   c - Call Imp                       Summoning                    2
   d - Slow                           Hexes                        2
   e - Conjure Flame                  Conjuration/Fire             3
   f - Mephitic Cloud                 Conjuration/Poison/Air       3
Comestibles
 c - 4 bread rations
 j - 3 royal jellies
 z - 2 meat rations


   Skills:
 + Level 3.5 Fighting
 + Level 3.0 Maces & Flails
 + Level 3.8 Armour
 - Level 1.7 Dodging
 - Level 2.4 Stealth
 - Level 3.2 Spellcasting
 - Level 0.8 Conjurations
   Level 1.0 Summonings
   Level 0.8 Translocations


You had 7 spell levels left.
You knew the following spells:

 Your Spells              Type           Power        Failure   Level  Hunger
a - Magic Dart            Conj           ###.         2%          1    None
m - Mephitic Cloud        Conj/Pois/Air  ###.....     9%          3    ###....


Dungeon Overview and Level Annotations

Branches:
Dungeon (4/15)
 Temple: D:4-7

Altars:
Makhleb
Vehumet
Yredelemnul
The Shining One


Innate Abilities, Weirdness & Mutations

You cannot be hasted, slowed, berserked, paralysed or teleported.
You can dig through walls and to a lower floor.
Your four strong arms can wield two-handed weapons with a shield.
You have a pair of large antennae on your head. (SInv)


Message History

You feel sick. The orc hits you but does no damage.
You are more poisoned.
Unknown command.
You closely miss the orc.
* * * LOW HITPOINT WARNING * * *
You feel sick. The orc hits you but does no damage.
You closely miss the orc.
* * * LOW HITPOINT WARNING * * *
You feel sick. The orc closely misses you.
You barely miss the orc.
* * * LOW HITPOINT WARNING * * *
You feel sick. The orc closely misses you.
You barely miss the orc.
* * * LOW HITPOINT WARNING * * *
You feel sick. The orc barely misses you.
You closely miss the orc.
* * * LOW HITPOINT WARNING * * *
You feel sick. The orc hits you but does no damage.
The orc hits you with a dagger of venom.
You die...

##.......# #......{..#
##........##
#.....{#{##
#..........####....##.#
............####..## .#
..............##.## .#
#...........##..## .o
##.........#####{#{ .#
###......## #o## ##
######## ##@# ###


You could see an orc.

Vanquished Creatures
  An orc priest (D:3)
  2 orc wizards
  4 adders
  6 gnolls
  An ooze (D:1)
  A worm (D:3)
  2 orcs (D:3)
  6 giant cockroaches
  10 goblins
  8 hobgoblins
  11 jackals
  A quokka (D:2)
  10 bats
  7 frilled lizards
  10 kobolds
  11 rats
91 creatures vanquished.

Notes
Turn   | Place    | Note
-------+----------+-------------------------------------------
     0 | D:1      | Gorglomux the Formicid Wizard began the quest for the Orb.
     0 | D:1      | Reached XP level 1. HP: 13/13 MP: 4/4
    41 | D:1      | Found a glowing golden altar of the Shining One.
   497 | D:1      | Reached skill level 1 in Fighting
   497 | D:1      | Reached XP level 2. HP: 18/21 MP: 0/6
   779 | D:1      | Reached skill level 1 in Armour
   849 | D:1      | Reached skill level 1 in Maces & Flails
   891 | D:1      | Reached XP level 3. HP: 26/26 MP: 4/7
  1881 | D:2      | Reached XP level 4. HP: 33/33 MP: 4/8
  2283 | D:2      | HP: 1/34 [poisoned by an adder]
  2649 | D:1      | Learned a level 3 spell: Mephitic Cloud
  2957 | D:2      | Reached XP level 5. HP: 39/39 MP: 5/9
  3121 | D:2      | Found a radiant altar of Vehumet.
  3121 | D:2      | Found a burning altar of Makhleb.
  3569 | D:2      | Reached skill level 3 in Armour
  3861 | D:3      | Reached skill level 3 in Fighting
  4208 | D:2      | Reached XP level 6. HP: 16/47 MP: 5/10
  5071 | D:3      | Found a basalt altar of Yredelemnul.
  5230 | D:4      | Got a twitching granite ring
  5361 | D:4      | Reached skill level 3 in Maces & Flails
  5490 | D:4      | Slain by an orc

Skill      XL: |  1  2  3  4  5  6 |
---------------+-------------------+-----
Fighting       | 1 2 3 |  3.5
Armour         | 1 2 3 |  3.8
Maces & Flails | 1 2 3 |  3.0
Dodging        | |  1.7
Stealth        | |  2.4
Spellcasting   | |  3.2
Conjurations   | |  0.8
Summonings     | |  1.0
Translocations | |  0.8

Action                   |  1- 3 |  4- 6 || total
-------------------------+-------+-------++-------
Melee: Unarmed           |    15 |       ||    15
       Whip              |    64 |    82 ||   146
       Hand axe          |       |    59 ||    59
 Cast: Magic Dart        |    75 |   121 ||   196
       Mephitic Cloud    |       |     6 ||     6
 Abil: Dig               |     5 |     6 ||    11
  Use: Potion            |       |     4 ||     4
       Scroll            |       |     1 ||     1
 Stab: Sleeping          |     1 |       ||     1
       Confused          |       |     5 ||     5
  Eat: Chunk             |     5 |    13 ||    18
Armor: Robe              |    29 |    15 ||    44
       Ring mail         |       |    22 ||    22
       Skin              |       |    12 ||    12
Dodge: Dodged            |    93 |   100 ||   193
Block: Other             |       |     9 ||     9
